AoeStats
← LT | Aristóteles Gokú

Arabia

509976703Analyzed
1v1 RM · 3d ago on Sep 28, 2026· 49m 16s· 2 players
Game mode
Random Map
Map size
Tiny (2 player)
Population
200
Speed
Normal
Resources
Standard
Victory
Conquest
Starting age
Dark Age
Ending age
Imperial Age
RankedLock teamsTeams togetherTeam positionsShared explorationLock speedFull tech treeHidden civsTurbo modeCheats
Victory
Defeat
🇺🇸 Saracens · United States
1087
+15
🇨🇴 Vikings · Colombia
1066
-15
LT | Aristóteles Gokú
5:15 Loom
11:20 Feudal Age
21:24 Castle Age
22:10 Double-Bit Axe
26:57 Forging
26:52 Scale Barding Armor
36:22 Caravan
38:26 Caravan
42:20 Chieftains
45:06 Horse Collar
46:29 Iron Casting
45:54 Scale Mail Armor
46:33 Bow Saw
48:33 Heavy Plow
49:23 Chain Mail Armor
Amol
6:46 Loom
9:16 Feudal Age
11:51 Fletching
21:06 Castle Age
19:44 Double-Bit Axe
20:02 Horse Collar
21:32 Crossbowman
22:12 Bodkin Arrow
22:36 Bow Saw
26:45 Squires
27:04 Pikeman
31:41 Stone Mining
31:42 Gold Mining
40:57 Wheelbarrow
41:28 Scale Mail Armor
43:02 Padded Archer Armor
47:46 Imperial Age
48:19 Hand Cart
47:50 Town Watch
48:41 Leather Archer Armor
48:47 Bracer
49:33 Conscription
Connection lost

Rejoining the realm…

Still unreachable

The connection could not be restored.

Session expired

The server has moved on; the page needs a fresh start.